 Dungeon Crawl Stone Soup version 0.30-a0-339-g89bb51ec76 (webtiles) character file.

Game seed: 14019532378038984376

66 lunkers the Ruffian (level 4, -2/38 HPs)
             Began as a Meteoran Fighter on Oct 31, 2022.
             Killed from afar by an orc wizard (11 damage)
             ... with a magic dart
             ... on level 3 of the Dungeon.
             The game lasted 00:02:10 (1041 turns).

lunkers the Ruffian (Meteoran Fighter)              Turns: 1041, Time: 00:02:10

Health: -2/38      AC:  8    Str: 17    XL:     4   Next: 63%
Magic:  5/5        EV:  9    Int: 12    God:
Gold:   99         SH:  5    Dex: 13    Spells: 3/3 levels left

rFire   + . .      SeeInvis .      - Unarmed
rCold   . . .      Faith    .    b - +0 buckler
rNeg    . . .      Spirit   .    a - +0 scale mail
rPois   .          Reflect  .    (no helmet)
rElec   .          Harm     .    (no cloak)
rCorr   .          Rampage  .    (no gloves)
Will    .....                    q - +0 pair of boots
Stlth   ..........               (no amulet)
HPRegen 0.26/turn                j - ring of protection from fire
MPRegen 0.09/turn                (no ring)

@: glowing
A: sense surroundings 1, otherworldly, glowing, explore regen
a: no special abilities


You were on level 3 of the Dungeon.
You visited 1 branch of the dungeon, and saw 3 of its levels.

You collected 99 gold pieces.

Inventory:

Armour
 a - a +0 scale mail (worn)
 b - a +0 buckler (worn)
 q - a +0 pair of boots (worn)
Jewellery
 j - a ring of protection from fire (left hand)
Scrolls
 d - 2 scrolls of identify {unknown}
 g - a scroll of silence {unknown}
 i - a scroll of magic mapping {unknown}
 l - a scroll of teleportation {unknown}
 n - 2 scrolls of amnesia {unknown}
 o - a scroll of vulnerability {unknown}
 p - a scroll of enchant armour {unknown}
Potions
 c - a potion of might
 e - 2 potions of curing {unknown}
 f - a potion of mutation {unknown}
 h - 2 potions of brilliance {unknown}
 k - a potion of flight {unknown}
 m - a potion of magic {unknown}


   Skills:
 - Level 3.2 Fighting
 - Level 3.6 Armour
 - Level 3.6 Shields
 + Level 5.2 Unarmed Combat


You had 3 spell levels left.
You didn't know any spells.
Your spell library was empty.

Dungeon Overview and Level Annotations

Branches:
Dungeon (3/15) Zot: 766

Altars:


Innate Abilities, Weirdness & Mutations

You passively map a small area around you.
You are easily found by Zot.
You glow in the dark.
You regain HP and MP as you explore.


Message History

The orc wizard hits you but does no damage.
You closely miss the orc wizard.
The orc wizard is severely wounded.
The dart slug bites you but does no damage.
The orc wizard casts a spell at you. The puff of flame hits you. You resist.
The endoplasm jiggles.
The endoplasm freezes you.
You are frozen.
You hit the orc wizard.
The orc wizard is almost dead.
The orc wizard casts a spell at you. The magic dart hits you!
* * * LOW HITPOINT WARNING * * *
The endoplasm hits you.
* * * LOW HITPOINT WARNING * * *
The dart slug bites you but does no damage.
You are too injured to fight recklessly!
The orc wizard attacks as you move away!
The orc wizard hits you but does no damage.
The endoplasm freezes you.
You are frozen.
* * * LOW HITPOINT WARNING * * *
The orc wizard attacks as you move away!
The orc wizard hits you with a +0 dagger.
* * * LOW HITPOINT WARNING * * *
The orc wizard points at you and mumbles some strange words.
The puff of flame hits you. You resist.
* * * LOW HITPOINT WARNING * * *
You see here a +0 dagger.
You punch the endoplasm!
You kill the endoplasm!
You hit the orc wizard but do no damage.
The orc wizard is almost dead.
The orc wizard hits you but does no damage.
You barely miss the orc wizard.
The orc wizard is almost dead.
The orc wizard gestures at you while chanting.
The magic dart hits you!
You die...

#.....###.........###
#.............##### *
#....########.#######
#....................
,
#...........#.######
#....######.#.# , ,
#...........#.#,*,
... #############.# ,
... * ......wSo@...#
* * ... *
.......o######, ,
*#.# ,........+ , , ,
#.# * ........# *
*,###.# * ........#
#...# ........# #.#
#.#.. * ........#
#.#.#<..# .....!..#
#.#.#†### , #.#......


You could see an orc wizard, a dart slug, an orc and a ball python.

Vanquished Creatures
  An adder (D:2)
  A worm (D:2)
  3 dart slugs
  2 orcs (D:3)
  8 endoplasms
  4 giant cockroaches
  4 goblins
  2 hobgoblins (D:2)
  3 quokkas
  3 ball pythons
  3 bats
  A frilled lizard (D:1)
  2 kobolds (D:1)
  3 rats
40 creatures vanquished.

Notes
Turn   | Place    | Note
-------+----------+-------------------------------------------
     0 | D:1      | lunkers the Meteoran Fighter began the quest for the Orb.
     0 | D:1      | Reached XP level 1. HP: 19/19 MP: 2/2
    68 | D:1      | Reached skill level 3 in Unarmed Combat
    68 | D:1      | Reached XP level 2. HP: 22/26 MP: 3/3
   337 | D:2      | Reached XP level 3. HP: 26/31 MP: 4/4
   365 | D:2      | Reached skill level 4 in Unarmed Combat
   546 | D:2      | Reached XP level 4. HP: 38/38 MP: 5/5
   749 | D:3      | Reached skill level 5 in Unarmed Combat
  1041 | D:3      | Killed from afar by an orc wizard

Illustrated notes

Levels and vault maps discovered:
D:1:      wander_arrival_chamber, layout_loops_ring,
          shapermc_ecumenical_altar_mp_urbaneastern, minmay_misc_feat_columns
D:2:      layout_rooms, minmay_misc_feat_five
D:3:      layout_basic

Skill      XL: |  1  2  3  4 |
---------------+-------------+-----
Unarmed Combat | 3 4 5 |  5.2
Fighting       | |  3.2
Armour         | |  3.6
Shields        | |  3.6

Action                   |  1- 3 |  4- 6 || total
-------------------------+-------+-------++-------
Melee: Unarmed           |    99 |    79 ||   178
Armor: Scale mail        |    54 |    34 ||    88
Dodge: Dodged            |    33 |    37 ||    70
Block: Buckler           |    17 |    20 ||    37

Table legend: (Time is in decaauts)
 A = Elapsed time spent in this place.
 B = Non-inter-level travel time spent in this place.
 C = Inter-level travel time spent in this place.
 D = Time resting spent in this place.
 E = Time spent auto-exploring this place.
 F = Levels seen in this place.
 G = Mean time per level.
                   A        B        C        D        E       F      G
               +--------+--------+--------+--------+--------+-----+--------+
         Total |   1033 |   1033 |      0 |      0 |    682 |   3 |  344.3 |
       Dungeon |   1033 |   1033 |      0 |      0 |    682 |   3 |  344.3 |
               +--------+--------+--------+--------+--------+-----+--------+

Top non-repeatable levels by time:
     D:2: 363 daAuts
     D:1: 344 daAuts
     D:3: 325 daAuts
